 Dungeon Crawl Stone Soup version 0.21.0-24-g2553a3340b (webtiles) character file.

14 Krosko the Sneak (level 2, 0/13 HPs)
             Began as a Spriggan Enchanter on Jan 20, 2018.
             Slain by a jackal (3 damage)
             ... on level 1 of the Dungeon.
             The game lasted 00:04:13 (667 turns).

Krosko the Sneak (Spriggan Enchanter)                Turns: 667, Time: 00:04:14

Health: 0/13       AC:  2    Str:  4    XL:     2   Next: 31%
Magic:  6/6        EV: 18    Int: 16    God:
Gold:   20         SH:  0    Dex: 16    Spells: 3/6 levels left

rFire    . . .     SeeInvis +   a - +1 dagger
rCold    . . .     Gourm    .   (shield restricted)
rNeg     . . .     Faith    .   b - +0 robe
rPois    .         Spirit   .   (helmet restricted)
rElec    .         Reflect  .   (no cloak)
rCorr    .         Harm     .   (gloves unavailable)
MR       .....                  (boots unavailable)
Stlth    +++.......             (no amulet)
HPRegen  0.04/turn              g - ring of flight
MPRegen  0.10/turn              (no ring)

@: very quick
A: very small, unfitting armour, see invisible, herbivore, speed 3, slow
metabolism 2
a: Evoke Flight


You were on level 1 of the Dungeon.
You were not hungry.

You visited 1 branch of the dungeon, and saw 1 of its levels.

You collected 20 gold pieces.

Inventory:

Hand Weapons
 a - a +1 dagger (weapon)
Armour
 b - a +0 robe (worn)
Jewellery
 g - a ring of flight (left hand)
 k - an uncursed ring of fire {unknown}
Scrolls
 e - a scroll of remove curse {unknown}
 f - a scroll of enchant weapon {unknown}
 i - a scroll of immolation {unknown}
 j - a scroll of identify {unknown}
Potions
 h - a potion of ambrosia {unknown}
Books
 c - a book of Maledictions

   Spells                             Type                      Level
   a - Corona                         Hexes                        1
   b - Ensorcelled Hibernation        Hexes/Ice                    2
   c - Confuse                        Hexes                        3
   d - Tukima's Dance                 Hexes                        3
   e - Dazzling Spray                 Conjuration/Hexes            3
Comestibles
 d - 3 rations


   Skills:
 - Level 1.2 Short Blades
 - Level 3.0 Dodging
 - Level 4.6 Stealth
 + Level 2.9 Spellcasting
 + Level 4.2 Hexes


You had 3 spell levels left.
You knew the following spells:

 Your Spells              Type           Power        Failure   Level  Hunger
a - Corona                Hex            ###....      3%          1    #......
b - Ensorcelled Hibernat  Hex/Ice        #.....       12%         2    ##.....


Dungeon Overview and Level Annotations

Branches:
Dungeon (1/15)

Altars:


Innate Abilities, Weirdness & Mutations

You are very small and have problems with some larger weapons.
You are too small for most types of armour.
You have supernaturally acute eyesight. (SInv)
You are a herbivore.
You cover ground extremely quickly.
You need consume almost no food.


Message History

The jackal closely misses you.
You hit the jackal.
The jackal is severely wounded.
The jackal bites you but does no damage.
You closely miss the jackal.
The jackal is severely wounded.
The jackal misses you. The jackal completely misses you.
You hit the jackal but do no damage.
The jackal is severely wounded.
You hit the jackal but do no damage. The jackal misses you.
You hit the jackal.
The jackal is heavily wounded.
The jackal bites you but does no damage.
You hit the jackal but do no damage.
The jackal is heavily wounded.
The jackal completely misses you.
You hit the jackal but do no damage.
The jackal is heavily wounded.
The jackal bites you.
You die...

###########.#......##..#...#....
#...........#......###.#####.###
##.#.########................#
#.#.# ######......### #.#.#
######## #.### #.#
#.################
#[............@hh#
################h##############
#............#.......#
#............#.......#
#............#.......#
.....................'
#..........(.#.......#
#............#.......#
#######.##.###.......#


You could see 3 jackals.

Vanquished Creatures
  An ooze (D:1)
  2 giant cockroaches (D:1)
  2 goblins (D:1)
  A kobold (D:1)
  2 bats (D:1)
  A frilled lizard (D:1)
  A rat (D:1)
10 creatures vanquished.

Notes
Turn   | Place    | Note
-------+----------+-------------------------------------------
     0 | D:1      | Krosko the Spriggan Enchanter began the quest for the Orb.
     0 | D:1      | Reached XP level 1. HP: 9/9 MP: 5/5
   121 | D:1      | Reached XP level 2. HP: 2/13 MP: 6/6
   391 | D:1      | Learned a level 2 spell: Ensorcelled Hibernation
   667 | D:1      | Slain by a jackal

Skill      XL: |  1 |
---------------+----+-----
Hexes          | 4 |  4.2
Short Blades   | |  1.2
Dodging        | |  3.0
Stealth        | |  4.6
Spellcasting   | |  2.9

Action                   || total
-------------------------++-------
Melee: Dagger            ||    88
 Cast: Ensorcelled Hiber ||     2
 Stab: Sleeping          ||     4
Armor: Robe              ||    10
Dodge: Dodged            ||   101
